Map: Goldenaura LE

Players

SubN

  • Race: Zerg Zerg
  • League: Diamond
  • Spawn Location: 12:00

macross - Winner!

  • Race: Protoss Protoss
  • League: Diamond
  • Spawn Location: 5:00

VOD

Have the link to the VOD?

Description

Time

  • Played on: Jan. 4, 2024, 7:38 p.m.
  • Length: 26:17
Show
View Real Time Build Order
Export as new Build Order

SubN Zerg 

Build Orders: 3 Hatch before Pool 

Get SALT Encoding   

  12  0:00  Drone  
  13  0:12  Overlord  
  13  0:17  Drone  
  14  0:30  Drone x2  
  16  0:49  Hatchery  
  15  0:54  Drone  
  16  1:12  Drone  
  17  1:18  Hatchery  
  17  1:22  Drone  
  17  1:25  Drone  
  18  1:37  Extractor  
  17  1:41  Spawning Pool  
  17  1:44  Drone  
  17  1:48  Drone  
  18  1:58  Drone  
  20  2:01  Drone  
  20  2:07  Overlord  
  20  2:12  Overlord  
  20  2:15  Drone  
  20  2:20  Drone  
  22  2:24  Drone  
  22  2:28  Queen  
  25  2:37  Queen  
  25  2:42  Metabolic Boost  
  27  2:51  Queen  
  27  2:55  Drone  
  27  2:56  Drone  
  31  2:58  Drone  
  31  3:01  Drone  
  31  3:03  Drone  
  34  3:06  Drone  
  34  3:08  Drone  
  34  3:10  Drone  
  37  3:22  Roach Warren  
  37  3:24  Zergling x2  
  37  3:25  Zergling x4  
  39  3:28  Zergling x4  
  40  3:55  Drone x2  
  41  3:57  Drone x2  
  41  3:58  Drone  
  41  3:59  Drone x3  
  47  4:02  Extractor  
  47  4:04  Drone  
  47  4:05  Drone x3  
  50  4:11  Overlord  
  50  4:12  Overlord  
  50  4:15  Overlord  
  50  4:24  Lair  
  50  4:29  Queen x2  
  54  4:32  Extractor  
  54  4:37  Evolution Chamber  
  52  4:38  Evolution Chamber  
  52  4:40  Baneling Nest  
  52  4:43  Drone x4  
  54  4:47  Drone x2  
  54  4:49  Drone  
  57  5:01  Overlord x3  
  57  5:04  Zerg Missile Weapons Level 1  
  57  5:05  Queen  
  57  5:06  Zerg Melee Weapons Level 1  
  59  5:10  Extractor  
  59  5:11  Drone x2  
  59  5:12  Drone  
  61  5:24  Pneumatized Carapace  
  61  5:26  Overseer  
  61  5:31  Overseer  
  61  5:32  Drone x3  
  61  5:34  Drone x7  
  71  5:41  Roach  
  71  5:42  Roach x2  
  77  5:53  Drone x5  
  80  6:08  Drone  
  80  6:09  Overlord x4  
  80  6:10  Overlord  
  81  6:11  Glial Reconstitution, Centrifugal Hooks  
  81  6:22  Extractor  
  81  6:23  Extractor, Queen  
  81  6:30  Spire  
  81  6:32  Drone x2  
  82  6:33  Infestation Pit  
  82  6:37  Drone  
  82  6:39  Drone x2  
  85  6:40  Drone x5  
  85  6:41  Drone x2  
  85  6:45  Queen  
  93  6:51  Baneling x7  
  93  6:53  Roach  
  93  6:54  Roach x3  
  101  6:58  Queen  
  98  7:09  Drone x2  
  98  7:10  Drone x3  
  98  7:13  Hive  
  103  7:16  Ravager x2  
  103  7:20  Hatchery  
  103  7:21  Drone  
  103  7:22  Drone x2  
  107  7:24  Extractor  
  107  7:25  Drone x2  
  107  7:26  Drone x6  
  114  7:36  Ravager x4  
  118  7:37  Overseer  
  118  7:58  Zergling x2  
  118  7:59  Zergling x4  
  118  8:02  Overlord x2  
  118  8:03  Overlord x3  
  120  8:08  Extractor  
  120  8:12  Drone x2  
  114  8:13  Drone x5  
  114  8:18  Drone x2  
  114  8:19  Spore Crawler  
  120  8:20  Spore Crawler  
  120  8:21  Zerg Flyer Weapons Level 1  
  120  8:23  Drone x3  
  122  8:27  Zerg Melee Weapons Level 2  
  122  8:28  Zerg Missile Weapons Level 2  
  122  8:32  Queen  
  124  8:38  Zergling x2  
  124  8:39  Zergling x14  
  131  8:42  Drone  
  131  8:43  Drone x2  
  134  8:59  Corruptor  
  134  9:00  Corruptor x9  
  154  9:25  Overseer x2  
  154  9:26  Overseer  
  154  9:30  Overseer  
  154  9:40  Mutalisk x5  
  154  9:42  Hatchery  
  163  9:46  Baneling x6  
  163  9:47  Queen  
  163  9:50  Drone x2  
  163  9:52  Drone  
  168  9:53  Overlord x2  
  168  9:54  Overlord x5  
  161  10:20  Roach x12  
  161  10:21  Roach x3  
  191  10:27  Zerg Flyer Weapons Level 2  
  191  10:32  Adrenal Glands  
  191  10:33  Zergling x2  
  191  10:34  Zergling x10  
  197  10:44  Zerg Ground Armor Level 1  
  145  11:24  Zergling x16  
  145  11:25  Zergling x28  
  160  11:28  Queen  
  162  12:00  Hatchery, Extractor  
  160  12:02  Extractor  
  160  12:03  Extractor  
  160  12:04  Extractor  
  157  12:15  Drone x3  
  160  12:17  Drone x3  
  160  12:21  Baneling  
  160  12:22  Baneling x18  
  163  12:26  Roach x8  
  163  12:27  Roach x9  
  163  13:19  Roach x12  
  155  13:25  Queen  
  157  13:30  Greater Spire  
  157  13:33  Zergling x6  
  157  13:34  Zergling x20  
  170  13:36  Ravager x8  
  170  13:37  Ravager x4  
  154  13:49  Roach x13  
  154  13:50  Roach x10  
  189  14:09  Zergling x6  
  192  14:11  Zerg Missile Weapons Level 3  
  192  14:12  Zerg Melee Weapons Level 3  
  188  14:55  Drone x4  
  188  14:57  Ravager x3  
  188  14:58  Ravager x5  
  200  15:03  Ultralisk Cavern  
  200  15:04  Zerg Flyer Weapons Level 3  
  180  15:41  Brood Lord  
  180  15:42  Brood Lord x6  
  192  15:46  Corruptor x3  
  198  16:04  Spore Crawler  
  198  16:05  Queen  
  199  16:17  Hatchery, Extractor  
  197  16:32  Chitinous Plating  
  197  16:48  Zerg Ground Armor Level 2  
  131  17:24  Ultralisk x5  
  149  17:31  Roach x17  
  149  17:32  Roach  
  149  17:35  Queen  
  183  17:39  Viper  
  183  17:40  Viper x5  
  197  17:46  Overlord  
  197  17:47  Overlord x5  
  197  17:51  Anabolic Synthesis  
  197  17:58  Zerg Flyer Armor Level 1  
  196  18:35  Corruptor x2  
  198  18:49  Spine Crawler  
  198  18:52  Spine Crawler  
  198  18:53  Spine Crawler  
  192  18:59  Spine Crawler  
  192  19:02  Spine Crawler  
  190  19:03  Spine Crawler  
  190  19:05  Spine Crawler  
  190  19:09  Corruptor x5  
  192  19:10  Corruptor, Spine Crawler  
  192  19:14  Zergling x2  
  200  19:38  Hatchery  
  196  19:39  Queen  
  163  20:28  Zergling x2  
  129  20:29  Zergling x18, Ultralisk  
  129  20:30  Ultralisk x9  
  129  20:35  Corruptor x2  
  190  21:07  Hatchery  
  190  21:09  Ultralisk  
  195  21:15  Zerg Ground Armor Level 3  
  194  21:24  Evolution Chamber x2  
  192  21:28  Evolution Chamber  
  191  21:34  Zergling x2  
  191  21:35  Evolution Chamber  
  191  21:37  Zergling x2, Evolution Chamber  
  191  21:38  Zergling x18  
  200  21:46  Evolution Chamber  
  199  21:47  Evolution Chamber  
  199  21:49  Evolution Chamber  
  199  21:51  Evolution Chamber  
  199  21:53  Evolution Chamber  
  195  21:57  Hatchery, Evolution Chamber  
  183  22:06  Zergling x2  
  183  22:07  Zergling x30  
  158  22:53  Viper x2  
  158  22:54  Viper x3  
  119  23:07  Viper  
  119  23:10  Ultralisk x2  
  119  23:11  Ultralisk x2  
  138  23:13  Zergling x2  
  138  23:14  Zergling x52  
  138  23:15  Zergling x38  
  138  23:16  Queen  
  182  23:24  Queen  
  183  23:37  Zergling x24  
  183  23:38  Zergling x8  
  183  23:50  Queen  
  163  23:55  Zergling x2  
  163  23:56  Zergling x28  
  163  23:57  Zergling x24  
  163  24:02  Corruptor  
  119  24:39  Ultralisk  
  92  25:19  Zergling x10  
  97  25:26  Zergling x16  
Show
View Real Time Build Order
Export as new Build Order

macross Protoss - Winner!

Build Orders: 1 Gate Expand 

Get SALT Encoding   

  12  0:01  Probe (Chrono Boost)  
  13  0:10  Probe (Chrono Boost)  
  14  0:15  Probe (Chrono Boost)  
  15  0:34  Pylon  
  15  0:52  Probe  
  16  0:57  Gateway  
  16  1:09  Nexus  
  16  1:17  Probe (Chrono Boost)  
  17  1:24  Gateway  
  17  1:29  Probe  
  18  1:43  Assimilator  
  18  1:49  Cybernetics Core  
  18  1:56  Zealot  
  18  1:57  Cybernetics Core  
  18  2:00  Probe (Chrono Boost)  
  21  2:09  Pylon  
  22  2:16  Probe (Chrono Boost)  
  22  2:22  Probe (Chrono Boost)  
  22  2:24  Probe  
  24  2:30  Assimilator  
  24  2:33  Adept  
  24  2:36  Adept  
  28  2:41  Assimilator  
  28  2:46  Probe (Chrono Boost)  
  28  2:51  Probe (Chrono Boost)  
  30  2:56  Probe  
  31  2:58  Probe  
  32  3:12  Stalker x2  
  34  3:16  Probe (Chrono Boost)  
  38  3:20  Probe (Chrono Boost)  
  38  3:21  Shield Battery  
  34  3:58  Probe (Chrono Boost)  
  36  4:03  Zealot x2  
  36  4:04  Probe (Chrono Boost)  
  36  4:08  Probe (Chrono Boost)  
  41  4:11  Robotics Facility  
  41  4:12  Probe (Chrono Boost)  
  41  4:13  Twilight Council  
  41  4:16  Stargate  
  42  4:23  Probe (Chrono Boost)  
  44  4:27  Probe (Chrono Boost)  
  44  4:30  Warp Gate, Zealot  
  46  4:39  Pylon  
  46  4:40  Assimilator  
  46  4:57  Zealot  
  48  5:06  Nexus  
  48  5:12  Sentry  
  50  5:14  Immortal  
  50  5:15  Charge  
  54  5:25  Pylon  
  54  5:30  Pylon  
  54  5:43  Oracle  
  54  5:45  Probe (Chrono Boost)  
  54  5:48  Probe (Chrono Boost)  
  59  5:50  Forge  
  59  5:54  Pylon, Adept x2  
  61  6:00  Shield Battery  
  61  6:21  Oracle  
  66  6:26  Gateway, Probe (Chrono Boost)  
  66  6:28  Gateway, Probe (Chrono Boost)  
  66  6:31  Gateway, Shield Battery  
  66  6:38  Probe (Chrono Boost)  
  68  6:43  Probe (Chrono Boost)  
  70  6:48  Probe (Chrono Boost)  
  70  6:50  Probe (Chrono Boost)  
  70  6:53  Probe (Chrono Boost)  
  70  6:54  Probe  
  70  6:59  Probe  
  73  7:07  Probe (Chrono Boost)  
  75  7:10  Probe (Chrono Boost)  
  75  7:14  Assimilator  
  75  7:15  Assimilator  
  72  7:19  Photon Cannon x2  
  72  7:21  Gateway  
  72  7:23  Pylon  
  72  7:38  Robotics Bay  
  72  7:39  Protoss Ground Weapons Level 1  
  72  7:41  Pylon  
  72  7:45  Pylon  
  72  7:46  Templar Archives  
  72  7:58  Probe x3  
  75  8:26  Robotics Facility, Disruptor  
  79  8:28  Robotics Facility  
  79  8:31  High Templar x3  
  79  8:32  High Templar x2  
  87  8:41  Pylon  
  87  8:46  Archon x2  
  87  8:51  Psionic Storm  
  87  8:59  Probe (Chrono Boost)  
  87  9:00  Probe (Chrono Boost)  
  87  9:01  Probe (Chrono Boost)  
  91  9:05  Observer  
  88  9:10  Blink  
  88  9:13  Colossus  
  88  9:15  Disruptor  
  98  9:21  High Templar  
  100  9:29  Phoenix  
  102  9:35  Probe (Chrono Boost)  
  102  9:37  High Templar  
  102  9:38  Probe (Chrono Boost)  
  107  9:40  Probe (Chrono Boost)  
  107  9:49  Extended Thermal Lance  
  107  9:54  High Templar  
  107  9:56  Archon  
  105  10:13  Warp Prism  
  105  10:14  Nexus  
  106  10:25  Stalker x3  
  106  10:26  Stalker  
  114  10:33  Pylon  
  114  10:36  Pylon  
  114  10:39  Pylon  
  110  10:54  Void Ray  
  110  10:58  Pylon  
  110  11:00  Assimilator  
  110  11:01  Zealot x2  
  110  11:02  Assimilator  
  108  11:08  Zealot  
  108  11:09  Zealot x3  
  102  11:17  Probe  
  102  11:18  Probe x2  
  99  11:31  Shield Battery  
  99  11:32  Shield Battery, High Templar x4  
  103  11:33  High Templar x2  
  103  11:38  Shield Battery  
  103  11:39  Archon x2  
  111  11:40  Archon, Photon Cannon  
  111  11:43  Protoss Ground Weapons Level 2, Photon Cannon  
  111  11:53  Forge  
  101  11:55  Forge  
  101  12:00  Shield Battery  
  101  12:01  Shield Battery  
  101  12:02  Pylon  
  101  12:05  High Templar  
  101  12:06  Shield Battery, High Templar  
  101  12:08  Zealot x4  
  107  12:10  Probe (Chrono Boost)  
  107  12:12  Probe x2 (Chrono Boost), Assimilator  
  107  12:13  Archon  
  116  12:16  Assimilator  
  116  12:24  Shield Battery x2  
  116  12:38  High Templar  
  116  12:39  High Templar  
  120  12:52  Robotics Bay  
  120  12:56  High Templar  
  122  12:59  Zealot x3  
  128  13:18  Nexus  
  120  13:24  Zealot  
  120  13:25  Zealot x4  
  132  13:38  Probe x2 (Chrono Boost)  
  130  13:44  Probe  
  103  14:08  Photon Cannon  
  95  14:10  Pylon  
  95  14:11  Photon Cannon  
  95  14:15  High Templar x2  
  95  14:16  High Templar x4  
  107  14:24  Archon x2  
  107  14:25  Archon  
  107  14:33  Photon Cannon  
  107  14:35  Photon Cannon  
  107  14:41  Photon Cannon  
  107  14:49  Protoss Ground Weapons Level 3  
  107  14:52  Protoss Ground Armor Level 1, Protoss Shields Level 1  
  99  15:04  Photon Cannon  
  99  15:05  Shield Battery  
  99  15:09  High Templar x6  
  111  15:14  Disruptor  
  111  15:17  Archon x3  
  100  15:37  Immortal x2  
  99  15:50  Immortal  
  99  15:52  Zealot x5  
  99  15:53  Zealot  
  115  16:24  Nexus  
  115  16:27  Pylon  
  115  16:29  Immortal x3, Pylon  
  123  16:32  Pylon  
  121  16:40  Probe (Chrono Boost)  
  121  16:43  Probe (Chrono Boost)  
  121  16:44  Void Ray  
  121  16:46  Probe (Chrono Boost)  
  124  16:52  Probe (Chrono Boost), Stalker x5  
  124  16:53  Stalker  
  115  17:19  Stalker x2  
  115  17:20  Stalker x4  
  117  17:36  Assimilator  
  117  17:43  Probe (Chrono Boost)  
  118  17:44  Immortal x3  
  118  17:48  Assimilator  
  118  17:51  Fleet Beacon  
  130  17:53  Assimilator  
  130  17:57  Zealot x4  
  130  17:58  Zealot x2  
  142  18:08  Photon Cannon  
  142  18:10  Shield Battery x2  
  143  18:20  Probe (Chrono Boost)  
  143  18:23  Disruptor  
  143  18:24  Disruptor  
  151  18:30  Shield Battery  
  151  18:31  Shield Battery  
  151  18:32  Observer  
  152  18:44  Nexus  
  152  18:48  Pylon  
  152  18:50  Pylon  
  152  18:51  Disruptor  
  152  18:53  Pylon  
  152  18:55  Zealot x6  
  164  18:58  Disruptor  
  170  19:03  Immortal  
  170  19:09  Shield Battery  
  164  19:10  Shield Battery  
  164  19:15  Shield Battery x2  
  164  19:24  Tempest  
  169  19:39  Zealot  
  169  19:40  Zealot x5  
  171  19:49  Photon Cannon  
  169  19:55  Photon Cannon  
  151  20:16  Zealot x3  
  151  20:17  Zealot x3  
  137  20:43  Assimilator  
  137  20:45  Shield Battery  
  137  20:48  Zealot x5  
  137  20:49  Zealot  
  151  20:50  Shield Battery  
  151  20:51  Probe x2 (Chrono Boost)  
  151  20:59  Protoss Ground Armor Level 2, Protoss Shields Level 2  
  131  21:07  Unknown  
  131  21:17  Probe x3 (Chrono Boost)  
  120  21:27  High Templar x2  
  120  21:28  High Templar x4  
  132  21:34  Archon x3  
  132  21:38  Assimilator  
  132  21:42  Assimilator  
  132  21:44  Gateway  
  132  21:46  Gateway  
  132  21:53  Photon Cannon  
  131  22:05  Zealot x5  
  131  22:06  Zealot  
  143  22:14  Gateway  
  143  22:19  Gateway  
  143  22:22  Photon Cannon  
  143  22:23  Tempest  
  143  22:25  Photon Cannon  
  143  22:26  Immortal x3  
  143  22:29  Photon Cannon  
  156  22:31  Photon Cannon  
  156  22:34  Zealot x3  
  156  22:35  Zealot x3  
  126  23:02  Zealot x5  
  136  23:19  Immortal x3  
  148  23:27  Zealot x3  
  148  23:28  Zealot x2  
  148  23:30  Zealot  
  148  23:31  Zealot x2  
  164  23:51  Zealot x4  
  164  23:52  Zealot x2  
  148  23:58  Immortal  
  148  23:59  High Templar  
  148  24:00  High Templar  
  152  24:13  High Templar x3  
  153  24:24  Archon x2  
  147  24:33  Stalker x2  
  147  24:34  Stalker x3  
  118  24:50  Probe (Chrono Boost)  
  122  24:53  Probe x2 (Chrono Boost)  
  122  25:01  Probe (Chrono Boost)  
  122  25:13  Nexus  
  116  25:24  High Templar  
  116  25:25  High Templar  
  114  25:32  Probe (Chrono Boost)  
  114  25:34  Probe x2 (Chrono Boost)  
  115  25:42  Probe  
  108  26:03  Zealot x2  
  108  26:04  Zealot x3  
Tags
 
Add a new tag
Caveats
  • Supply blocks, unpowered buildings, or Contaminate may cause inaccurate times.
  • Supply counts are checked every 10 seconds.